 Dungeon Crawl Stone Soup version 0.28.0-43-g3370ac3207 (webtiles) character file.

Game seed: 16326953725102125528

191 Ablot the Grasshopper (level 5, 0/43 HPs)
             Began as a Gnoll Warper on Mar 22, 2022.
             Killed from afar by Natasha (6 damage)
             ... with a magic dart
             ... on level 2 of the Dungeon.
             The game lasted 00:04:36 (3957 turns).

Ablot the Grasshopper (Gnoll Warper)                Turns: 3957, Time: 00:04:36

Health: 0/43       AC:  4    Str: 13    XL:     5   Next: 70%
Magic:  7/12       EV: 13    Int: 12    God:
Gold:   110        SH:  0    Dex: 11    Spells: 12/14 levels left

rFire   + . .      SeeInvis .   a - +0 spear
rCold   . . .      Faith    .   (no shield)
rNeg    . . .      Spirit   .   u - +0 leather armour {rF+}
rPois   .          Reflect  .   t - +0 helmet
rElec   .          Harm     .   (no cloak)
rCorr   .          Rampage  .   (no gloves)
Will    .....                   (no boots)
Stlth   +.........              (no amulet)
HPRegen 0.14/turn               (no ring)
MPRegen 0.13/turn               (no ring)

@: on blink cooldown, very slightly contaminated
A: fangs 1, strong nose, distributed training
a: no special abilities


You were on level 2 of the Dungeon.
You visited 1 branch of the dungeon, and saw 3 of its levels.

You collected 110 gold pieces.

Inventory:

Hand Weapons
 a - a +0 spear (weapon)
 w - a +2 short sword of holy wrath
Missiles
 d - 5 boomerangs of dispersal (quivered)
 f - 114 stones
 j - 30 arrows
 r - 21 bolts
Armour
 t - a +0 helmet (worn)
 u - a +0 leather armour of fire resistance (worn)
Scrolls
 c - a scroll of blinking
 i - a scroll of vulnerability {unknown}
 k - 2 scrolls of teleportation {unknown}
 l - a scroll of identify {unknown}
 m - a scroll of amnesia {unknown}
 o - a scroll of enchant weapon {unknown}
Potions
 g - a potion of degeneration {unknown}
 h - a potion of ambrosia {unknown}
 n - a potion of magic {unknown}
 p - a potion of flight {unknown}
 s - a potion of brilliance {unknown}


   Skills:
 + Level 4.8 Fighting
 + Level 1.6 Short Blades
 + Level 1.6 Long Blades
 + Level 1.6 Axes
 + Level 1.6 Maces & Flails
 + Level 4.8 Polearms
 + Level 1.6 Staves
 + Level 1.6 Slings
 + Level 1.6 Bows
 + Level 1.6 Crossbows
 + Level 3.0 Throwing
 + Level 3.0 Armour
 + Level 4.8 Dodging
 + Level 1.6 Stealth
 + Level 1.6 Shields
 + Level 1.6 Unarmed Combat
 + Level 5.2 Spellcasting
 + Level 1.2 Conjurations
 + Level 1.2 Hexes
 + Level 1.2 Summonings
 + Level 1.2 Necromancy
 + Level 5.5 Translocations
 + Level 1.2 Transmutations
 + Level 1.2 Fire Magic
 + Level 1.2 Ice Magic
 + Level 1.2 Air Magic
 + Level 1.2 Earth Magic
 + Level 1.2 Poison Magic
 + Level 1.8 Invocations
 + Level 1.6 Evocations


You had 12 spell levels left.
You knew the following spells:

 Your Spells              Type           Power      Damage    Failure   Level
a - Blink                 Tloc           32%        N/A       3%          2

Your spell library contained the following spells:

 Spells                   Type           Power      Damage    Failure   Level
 Gell's Gravitas          Tloc           16%        N/A       8%          3
 Lesser Beckoning         Tloc           16%        N/A       8%          3
 Teleport Other           Tloc           16%        N/A       8%          3
 Manifold Assault         Tloc           16%        N/A       56%         5


Dungeon Overview and Level Annotations

Branches:
Dungeon (3/15)

Altars:

Shops:
D:1 [

Annotations:
D:2 Natasha


Innate Abilities, Weirdness & Mutations

You have very sharp teeth.
Your uncanny sense of smell can sniff out nearby items.
Your experience applies equally to all skills.


Message History

The orc convulses.
You kill the orc!
Found a stone staircase leading down.
The orc throws a boomerang.
The boomerang hits you.
Natasha hisses angrily.
Casting: Blink (safe; 3% risk of failure)
Confirm with . or Enter, or press ? or * to list all spells.
You blink.
Natasha closely misses you.
Unknown command.
Natasha wildly gestures.
Natasha's front paws start to glow.
There is a stone staircase leading down here.
Natasha mewls in sadness.
Natasha claws you.
* * * LOW HITPOINT WARNING * * *
You feel stable enough to blink again.
Natasha mumbles some strange words.
Natasha wildly gestures.
You feel disoriented.
There is a stone staircase leading up here.
Natasha claws you.
* * * LOW HITPOINT WARNING * * *
The white imp shouts, "Bolt, thou reeling-ripe folly-fallen beggar!"
You climb upwards.
The white imp disappears in a puff of smoke!
There is a stone staircase leading down here.
Unknown command.
Casting: Blink (safe; 3% risk of failure)
Confirm with . or Enter, or press ? or * to list all spells.
You miscast Blink.
You are very lightly contaminated with residual magic.
Nothing appears to happen.
Natasha claws you.
* * * LOW HITPOINT WARNING * * *
Unknown command.
Casting: Blink (safe; 3% risk of failure)
Confirm with . or Enter, or press ? or * to list all spells.
You blink.
Natasha casts a spell at you. The magic dart hits you.
You die...

####### ......#
......##################
......'.........@....h§#
......####.#####.#######
#...######.# #.#
.........#.#
#.###########
########.#.#
#.#.........#
...#...#.#.#
#.#.#######.#
...#.#.#.#.# #.#.# #.#
...#.....#.# #.#.# #.#
...#.......# #.#.# #.#


You could see Natasha.

Vanquished Creatures
  Natasha (D:3)
  An orc wizard (D:3)
  Robin (D:3)
  6 adders
  3 dart slugs
  3 orcs (D:3)
  4 bats
  7 endoplasms
  10 goblins
  11 hobgoblins
  2 quokkas
  5 ball pythons
  4 frilled lizards
  7 kobolds
  3 rats (D:2)
68 creatures vanquished.

Notes
Turn   | Place    | Note
-------+----------+-------------------------------------------
     0 | D:1      | Ablot the Gnoll Warper began the quest for the Orb.
     0 | D:1      | Reached XP level 1. HP: 20/20 MP: 6/6
    39 | D:1      | You fall into a shaft and drop 1 floor!
    58 | D:1      | Reached XP level 2. HP: 10/26 MP: 7/7
    61 | D:1      | Learned a level 2 spell: Blink
   551 | D:1      | Found Seytaker's Antique Armour Emporium.
   711 | D:1      | Found a faded altar of an unknown god.
  1152 | D:1      | Reached XP level 3. HP: 31/31 MP: 9/9
  1282 | D:1      | Reached skill level 5 in Spellcasting
  1584 | D:2      | Reached skill level 1 in Invocations
  2040 | D:2      | Reached skill level 1 in Short Blades
  2040 | D:2      | Reached skill level 1 in Long Blades
  2040 | D:2      | Reached skill level 1 in Axes
  2040 | D:2      | Reached skill level 1 in Maces & Flails
  2040 | D:2      | Reached skill level 1 in Staves
  2040 | D:2      | Reached skill level 1 in Slings
  2040 | D:2      | Reached skill level 1 in Bows
  2040 | D:2      | Reached skill level 1 in Crossbows
  2040 | D:2      | Reached skill level 1 in Stealth
  2040 | D:2      | Reached skill level 1 in Shields
  2040 | D:2      | Reached skill level 1 in Unarmed Combat
  2040 | D:2      | Reached skill level 1 in Evocations
  2112 | D:2      | Reached XP level 4. HP: 38/38 MP: 11/11
  3050 | D:3      | Reached skill level 1 in Conjurations
  3050 | D:3      | Reached skill level 1 in Hexes
  3050 | D:3      | Reached skill level 1 in Summonings
  3050 | D:3      | Reached skill level 1 in Necromancy
  3050 | D:3      | Reached skill level 1 in Transmutations
  3050 | D:3      | Reached skill level 1 in Fire Magic
  3050 | D:3      | Reached skill level 1 in Ice Magic
  3050 | D:3      | Reached skill level 1 in Air Magic
  3050 | D:3      | Reached skill level 1 in Earth Magic
  3050 | D:3      | Reached skill level 1 in Poison Magic
  3356 | D:3      | Noticed Natasha
  3368 | D:3      | Killed Natasha
  3369 | D:3      | Reached XP level 5. HP: 24/43 MP: 12/12
  3622 | D:3      | Noticed Robin
  3669 | D:3      | Killed Robin
  3940 | D:3      | Noticed Natasha
  3957 | D:2      | Killed from afar by Natasha

Illustrated notes

Levels and vault maps discovered:
D:1:      denvon_arrival_planthouse, layout_basic,
          ebering_ecumenical_altar_abandoned, serial_shops, shop, st_stairs_14,
          feat_on_display
D:2:      layout_basic, kennysheep_generic_room_5
D:3:      layout_loops_cross, serial_rivers, chequers_serial_rivers_small_a,
          chequers_serial_rivers_large_a, chequers_serial_rivers_micro_c,
          chequers_serial_rivers_micro_a, chequers_serial_rivers_micro_c,
          grunt_decor_junction, uniq_robin, uniq_terence, uniq_sigmund,
          uniq_natasha

Skill      XL: |  1  2  3  4  5 |
---------------+----------------+-----
Spellcasting   | 5 |  5.2
Invocations    | 1 |  1.8
Short Blades   | 1 |  1.6
Long Blades    | 1 |  1.6
Axes           | 1 |  1.6
Maces & Flails | 1 |  1.6
Staves         | 1 |  1.6
Slings         | 1 |  1.6
Bows           | 1 |  1.6
Crossbows      | 1 |  1.6
Stealth        | 1 |  1.6
Shields        | 1 |  1.6
Unarmed Combat | 1 |  1.6
Evocations     | 1 |  1.6
Conjurations   | 1 |  1.2
Hexes          | 1 |  1.2
Summonings     | 1 |  1.2
Necromancy     | 1 |  1.2
Transmutations | 1 |  1.2
Fire Magic     | 1 |  1.2
Ice Magic      | 1 |  1.2
Air Magic      | 1 |  1.2
Earth Magic    | 1 |  1.2
Poison Magic   | 1 |  1.2
Throwing       | 3 |  3.0
Armour         | 3 |  3.0
Fighting       | |  4.8
Polearms       | |  4.8
Dodging        | |  4.8
Translocations | |  5.5

Action                   |  1- 3 |  4- 6 || total
-------------------------+-------+-------++-------
Melee: Spear             |   117 |   171 ||   288
       Bite              |     4 |    15 ||    19
       Punch             |     3 |     3 ||     6
Throw: Javelin           |     4 |     2 ||     6
       Dart              |       |     2 ||     2
 Cast: Blink             |       |     2 ||     2
 Stab: Sleeping          |     2 |     2 ||     4
Armor: Leather armour    |    13 |    21 ||    34
Dodge: Dodged            |    43 |    70 ||   113
